 Dungeon Crawl Stone Soup version 0.22-a0-858-g985ef60 (webtiles) character file.

398 vineage the Skirmisher (level 6, -11/68 HPs)
             Began as an Ogre Berserker on July 27, 2018.
             Was a Believer of Trog.
             Mangled by an ogre
             ... wielding a +0 giant club
              (27 damage)
             ... on level 3 of the Dungeon.
             The game lasted 00:04:10 (2938 turns).

vineage the Skirmisher (Ogre Berserker)             Turns: 2938, Time: 00:04:10

Health: -11/68     AC:  5    Str: 22    XL:     6   Next: 83%
Magic:  6/6        EV: 10    Int:  8    God:    Trog [**....]
Gold:   100        SH:  0    Dex: 10    Spells: 5/5 levels left

rFire    . . .     SeeInvis .   a - +0 hand axe
rCold    . . .     Gourm    .   (no shield)
rNeg     . . .     Faith    .   b - +0 animal skin
rPois    .         Spirit   .   (helmet restricted)
rElec    .         Reflect  .   g - +1 cloak
rCorr    .         Harm     .   (gloves unavailable)
MR       .....                  (boots unavailable)
Stlth    +.........             (no amulet)
HPRegen  0.21/turn              (no ring)
MPRegen  0.10/turn              (no ring)

@: no status effects
A: large, unfitting armour, tough skin 1
a: Berserk, Trog's Hand, Renounce Religion


You were on level 3 of the Dungeon.
You worshipped Trog.
Trog was pleased with you.
You were not hungry.

You visited 1 branch of the dungeon, and saw 3 of its levels.

You collected 100 gold pieces.

Inventory:

Hand Weapons
 a - a +0 hand axe (weapon)
Armour
 b - a +0 animal skin (worn)
 g - a +1 cloak (worn)
 l - a +0 pair of boots
Wands
 n - a wand of scattershot (6)
Scrolls
 c - a scroll of fog {unknown}
 d - 2 scrolls of remove curse {unknown}
 h - a scroll of blinking
 i - a scroll of immolation {unknown}
 j - a scroll of magic mapping {unknown}
 k - 2 scrolls of teleportation
 m - a scroll of random uselessness {unknown}
 o - a scroll of identify {unknown}
Potions
 e - a potion of ambrosia
Comestibles
 f - 2 rations


   Skills:
 + Level 6.4 Fighting
 * Level 6.3 Axes
 - Level 2.6 Dodging


You had 5 spell levels left.
You didn't know any spells.
Your spell library was empty.

Dungeon Overview and Level Annotations

Branches:
Dungeon (3/15)

Altars:
Dithmenos


Innate Abilities, Weirdness & Mutations

You are too large for most types of armour.
You have tough skin. (AC +1)


Message History

An ogre is nearby!
An ogre is nearby!
You hit the ogre.
The ogre is lightly wounded.
A goblin comes into view. It is wielding a dagger.
The ogre hits you with a giant club!!
You are too injured to fight recklessly!
You hit the ogre.
The ogre is lightly wounded.
The ogre hits you with a giant club!
* * * LOW HITPOINT WARNING * * *
You hit the ogre.
The ogre is moderately wounded.
The ogre closely misses you.
You slash the ogre!
The ogre is heavily wounded.
You hit the ogre.
The ogre is severely wounded.
The ogre hits you with a giant club!!
You die...

ยง# #...#....#.#.#
.#####)#..###.#.#
.......#..# #.#.#
..)..###..# #.#.#
.....+....# #.#.#
.....####'###.#.#
.....#....<.#(#.##
###.##......#..)<#
#..#......####@#
##.#......# #O#
#.####'### #g.
####.># #.# ####
......# #.#
......###.#
.......##.#
.......##.#
........#.#


You could see an ogre and a goblin.

Vanquished Creatures
  Sigmund (D:3)
  Purgy (D:3)
  A hound (D:2)
  Ijyb (D:3)
  3 adders
  A worm (D:1)
  2 leopard geckos (D:3)
  5 orcs (D:3)
  2 ball pythons
  9 bats
  3 giant cockroaches
  5 goblins
  3 hobgoblins (D:1)
  4 jackals (D:2)
  4 frilled lizards
  3 kobolds
  6 rats
54 creatures vanquished.

Notes
Turn   | Place    | Note
-------+----------+-------------------------------------------
     0 | D:1      | vineage the Ogre Berserker began the quest for the Orb.
     0 | D:1      | Reached XP level 1. HP: 24/24 MP: 1/1
   195 | D:1      | Reached XP level 2. HP: 17/32 MP: 2/2
  1257 | D:2      | Reached XP level 3. HP: 40/40 MP: 3/3
  1657 | D:2      | Reached ** piety under Trog
  1697 | D:2      | Reached XP level 4. HP: 41/49 MP: 4/4
  1866 | D:2      | Reached skill level 5 in Fighting
  2196 | D:3      | Noticed Sigmund
  2218 | D:3      | Killed Sigmund
  2218 | D:3      | Reached skill level 5 in Axes
  2218 | D:3      | Reached XP level 5. HP: 8/59 MP: 5/5
  2218 | D:3      | Reached XP level 6. HP: 9/67 MP: 6/6
  2587 | D:3      | Found a shadowy altar of Dithmenos.
  2660 | D:3      | Noticed Purgy
  2661 | D:3      | Noticed Ijyb
  2676 | D:3      | Killed Purgy
  2693 | D:3      | Killed Ijyb
  2938 | D:3      | Mangled by an ogre

Vault maps used:
D:1:      dpeg_arrival_brainrot, minmay_misc_feat_roman
D:3:      grunt_dithmenos_smoke, uniq_ijyb, uniq_sigmund, uniq_purgy

Skill      XL: |  1  2  3  4  5  6 |
---------------+-------------------+-----
Axes           | 4 5 6 |  6.3
Fighting       | 6 |  6.4
Dodging        | |  2.6

Action                   |  1- 3 |  4- 6 || total
-------------------------+-------+-------++-------
Melee: Hand axe          |    99 |   121 ||   220
  Use: Scroll            |     4 |       ||     4
       Potion            |       |     4 ||     4
 Stab: Sleeping          |     1 |       ||     1
       Invisible         |       |     5 ||     5
  Eat: Ration            |     1 |     1 ||     2
Armor: Animal skin       |    36 |    39 ||    75
Dodge: Dodged            |    66 |    66 ||   132

Table legend:
 A = Spawn XP
 B = Non-spawn XP
 C = Spawn XP percentage of total XP
 D = Spawn monster count
 E = Non-spawn monster count
 F = Spawn count percentage of total count
 G = Total turns spent on level
                    A         B        C        D         E        F      G
               +---------+---------+-------+---------+---------+-------+---------
         Total |       0 |     569 |   0.0 |       0 |      54 |   0.0 |  2938
               +---------+---------+-------+---------+---------+-------+---------
           D:1 |       0 |      31 |   0.0 |       0 |      18 |   0.0 |  1222
           D:2 |       0 |      94 |   0.0 |       0 |      18 |   0.0 |   877
           D:3 |       0 |     444 |   0.0 |       0 |      18 |   0.0 |   839
               +---------+---------+-------+---------+---------+-------+---------
